 Dungeon Crawl Stone Soup version 0.20-a0-1050-g57248f3 (webtiles) character file.

434 JeffiDaFish the Shield-Bearer (level 7, -1/43 HPs)
             Began as a Gargoyle Fighter on Apr 25, 2017.
             Was a Follower of Okawaru.
             Slain by a quokka (3 damage)
             ... summoned by Eustachio
             ... on level 4 of the Dungeon.
             The game lasted 00:10:07 (3329 turns).

JeffiDaFish the Shield-Bearer (Gargoyle Fighter)    Turns: 3329, Time: 00:10:08

Health: -1/43      AC: 15    Str: 17 (19) XL:     7   Next: 0%
Magic:  7/7        EV:  8    Int:  6 (9)  God:    Okawaru [*.....]
Gold:   277        SH: 13    Dex:  9 (11) Spells: 6/6 levels left

rFire    . . .     SeeInvis .   a - +1 flail
rCold    . . .     Gourm    .   c - +0 shield
rNeg     + . .     Faith    .   d - +0 chain mail
rPois    ∞         Spirit   .   m - +0 helmet
rElec    +         Reflect  .   (no cloak)
rCorr    +         Harm     .   (no gloves)
MR       .....                  (no boots)
Stlth    ..........             (no amulet)
Regen    0.2/turn               e - +3 ring of evasion
MPRegen  0.1/turn               i - ring of resist corrosion

@: no status effects
A: talons 1, large bone plates 1, negative energy resistance 1, electricity
resistance, unbreathing, petrification resistance, rot immunity, AC +4
a: Heroism, Renounce Religion


You were on level 4 of the Dungeon.
You worshipped Okawaru.
Okawaru was aware of your devotion.
You were not hungry.

You visited 1 branch of the dungeon, and saw 4 of its levels.

You collected 277 gold pieces.

Inventory:

Hand Weapons
 a - a +1 flail (weapon)
Armour
 c - a +0 shield (worn)
 d - a +0 chain mail (worn)
 m - a +0 helmet (worn)
Jewellery
 e - a +3 ring of evasion (left hand)
 i - a ring of resist corrosion (right hand)
Scrolls
 g - 2 scrolls of fear
 h - 2 scrolls of blinking
 l - 2 scrolls of teleportation
 o - 2 scrolls of identify
Potions
 n - a potion of might
Comestibles
 b - 14 chunks of flesh
 f - 4 bread rations
 j - 2 meat rations
 k - a royal jelly


   Skills:
 + Level 4.1 Fighting
 + Level 4.2 Maces & Flails
 + Level 4.5 Armour
 + Level 1.2 Dodging
 + Level 5.5 Shields


You had 6 spell levels left.
You didn't know any spells.

Dungeon Overview and Level Annotations

Branches:
Dungeon (4/15)
 Temple: D:4-7

Altars:
Makhleb
Nemelex Xobeh
Okawaru
Qazlal
Ru
Yredelemnul

Annotations:
D:4 Eustachio


Innate Abilities, Weirdness & Mutations

You are resistant to torment.
Your stone body is resilient. (AC +4)
You are immune to poison.
You resist negative energy. (rN+)
You are resistant to electric shocks. (rElec)
You can survive without breathing.
You are immune to petrification.
You are immune to rotting.
You have sharp toenails.
You are partially covered in large bone plates. (SH +4)


Message History

The iron imp shouts, "Quit, thou artless mumble-news death-token!"
You block the river rat's attack.
The quokka bites you but does no damage.
The white imp gestures at you. The puff of frost hits you!
* * * LOW HITPOINT WARNING * * *
The adder skeleton bites you but does no damage.
Eustachio casts a spell.
Eustachio blinks!
You block the quokka's attack. You block the bat's attack.
The quokka barely misses you.
The adder skeleton bites you but does no damage.
The ufetubus hits you but does no damage. x2
The bat hits you but does no damage. The ufetubus barely misses you.
The ufetubus hits you but does no damage.
You block the adder skeleton's attack. The bat barely misses you.
You block the bat's attack.
Eustachio gestures wildly while chanting.
Eustachio blinks!
The quokka bites you.
You die...

##..........#
#.......!...#
#....$......#
#...........#
###...........#
.?.......5....#
.......r.5rb#.#
........Zr.5..#
##.......@....#
#............#
#............##
#.......$.....#
###.....@..#..#
##......##..#
#########..#
#..# #..#


You could see Eustachio, an iron imp, a river rat, a white imp, an ufetubus, 2
quokkas, a bat and an adder skeleton.

Vanquished Creatures
  The ghost of Sonofthefire the Ducker, an amateur OpGl of Dithmenos (D:3)
  A hound (D:4)
  An orc priest (D:3)
  An orc wizard (D:4)
  Robin (D:3)
  8 gnolls (D:3)
  8 adders
  2 dart slugs
  6 leopard geckos
  7 orcs
  3 ball pythons
  6 bats
  2 giant cockroaches (D:2)
  18 goblins
  9 hobgoblins
  2 jackals (D:2)
  5 frilled lizards
  2 gnoll zombies (D:2)
  9 kobolds
  8 rats
100 creatures vanquished.

Notes
Turn   | Place    | Note
-------+----------+-------------------------------------------
     0 | D:1      | JeffiDaFish the Gargoyle Fighter began the quest for the Orb.
     0 | D:1      | Reached XP level 1. HP: 14/14 MP: 1/1
     0 | D:1      | Noticed a troll
     0 | D:1      | Noticed a ghoul
     1 | D:1      | Noticed an ogre
     4 | D:1      | Noticed a minotaur
     4 | D:1      | Noticed a human
     9 | D:1      | Noticed a spriggan
    12 | D:1      | Noticed a vine stalker
    13 | D:1      | Noticed a spriggan
    14 | D:1      | Noticed a spriggan
    16 | D:1      | Noticed a centaur
    16 | D:1      | Noticed an elf
    18 | D:1      | Noticed a felid
    21 | D:1      | Noticed a formicid
    21 | D:1      | Noticed an octopode
    23 | D:1      | Noticed a minotaur
    23 | D:1      | Noticed a formicid
    25 | D:1      | Noticed a draconian
    25 | D:1      | Noticed a vine stalker
    27 | D:1      | Noticed an octopode
   202 | D:1      | Reached XP level 2. HP: 19/19 MP: 2/2
   639 | D:1      | Reached XP level 3. HP: 20/23 MP: 3/3
   852 | D:2      | Found a basalt altar of Yredelemnul.
  1097 | D:2      | Reached XP level 4. HP: 26/28 MP: 4/4
  1134 | D:2      | Found a sacrificial altar of Ru.
  1135 | D:2      | Found a stormy altar of Qazlal.
  1136 | D:2      | Found a sparkling altar of Nemelex Xobeh.
  1136 | D:2      | Found a burning altar of Makhleb.
  1352 | D:2      | Reached skill level 4 in Shields
  1673 | D:3      | Noticed Sonofthefire's ghost (amateur OpGl)
  1681 | D:3      | Killed Sonofthefire's ghost
  1681 | D:3      | Reached skill level 1 in Dodging
  1681 | D:3      | Reached XP level 5. HP: 11/33 MP: 5/5
  1696 | D:3      | Gained mutation: You are partially covered in large bone plates. (SH +4) [potion of mutation]
  1696 | D:3      | Gained mutation: You have sharp toenails. [potion of mutation]
  1998 | D:3      | Found an iron altar of Okawaru.
  2055 | D:3      | Became a worshipper of Warmaster Okawaru
  2149 | D:3      | Reached XP level 6. HP: 27/38 MP: 6/6
  2575 | D:3      | Reached skill level 5 in Shields
  2639 | D:3      | Noticed Robin
  2651 | D:3      | Killed Robin
  3254 | D:4      | Reached XP level 7. HP: 43/43 MP: 7/7
  3257 | D:4      | Reached * piety under Okawaru
  3265 | D:4      | Noticed Eustachio
  3326 | D:4      | HP: 2/43 [white imp/puff of frost[Eustachio] (4)]
  3329 | D:4      | Slain by a quokka

Vault maps used:
D:1:      shiori_arrival_whats_in_store_for_you
D:2:      lemuel_zombie_altar_yredelemnul,
          chequers_temple_overflow_statue_of_worship, serial_bayou_crossing
D:3:      kennysheep_six_static_rooms, okawaru_altar_gauntlet_db,
          minmay_misc_feat_alley, minmay_misc_feat_nine_boxes, uniq_robin
D:4:      kennysheep_nondescript, uniq_eustachio

Skill      XL: |  1  2  3  4  5  6 |
---------------+-------------------+-----
Shields        | 4 5 |  5.5
Armour         | 4 |  4.5
Maces & Flails | 3 4 |  4.2
Dodging        | 1 |  1.2
Fighting       | 4 |  4.1

Action                   |  1- 3 |  4- 6 |  7- 9 || total
-------------------------+-------+-------+-------++-------
Melee: Flail             |   143 |   303 |    36 ||   482
       Kick              |       |    50 |     7 ||    57
  Use: Potion            |     2 |     5 |       ||     7
       Scroll            |     5 |     3 |       ||     8
  Eat: Chunk             |     1 |     7 |     1 ||     9
Armor: Scale mail        |    73 |    49 |       ||   122
       Chain mail        |       |    82 |   105 ||   187
Dodge: Dodged            |    65 |   103 |    65 ||   233
Block: Shield            |    81 |   244 |   115 ||   440
